 Seeded DCSS version 0.26.1-10-gdfb7c7de75 (webtiles) character file.

Game seed: 13435453013147752700 (custom seed)

270788 wilfster70 the Basher (level 20, -8/155 HPs)
             Began as a Gnoll Ice Elementalist on Apr 8, 2021.
             Was a Priest of Ashenzari.
             Killed from afar by a merfolk aquamancer (56 damage)
             ... with a shard of ice
             ... on level 4 of the Shoals on Apr 9, 2021.
             The game lasted 02:21:39 (44103 turns).

wilfster70 the Basher (Gnoll Ice Elementalist)     Turns: 44103, Time: 02:21:39

Health: -8/155     AC: 21    Str: 18    XL:     20   Next: 62%
Magic:  26/37      EV: 26    Int: 27    God:    Ashenzari [***...]
Gold:   870        SH: 16    Dex: 23    Spells: 19/46 levels left

rFire    + + .     SeeInvis +   a - +8 trident of Debt {freeze, Str+4 Dex+5} (curse)
rCold    . . .     Faith    .   b - +2 buckler {rF+} (curse)
rNeg     + . .     Spirit   .   I - +4 troll leather armour
rPois    +         Reflect  +   (no helmet)
rElec    .         Harm     .   G - +2 cloak (curse)
rCorr    .         Rampage  .   O - +2 pair of gloves {Str+3} (curse)
Will     ++...                  Q - +2 pair of boots {Stlth+} (curse)
Stlth    +++.......             z - amulet of reflection (curse)
HPRegen  0.75/turn              f - ring of protection from fire
MPRegen  0.25/turn              H - ring of Iqimaos {rPois rN+ Will+ Int+3} (curse)

@: very slow
A: distributed training, fangs 1, strong nose
}: 1/15 runes: serpentine
a: Renounce Religion, Curse Item, Scrying


You were on level 4 of the Shoals.
You worshipped Ashenzari.
Ashenzari was most pleased with you.
You visited 5 branches of the dungeon, and saw 31 of its levels.
You also visited: Trove, Bailey and Volcano.

You collected 3750 gold pieces.
You spent 2880 gold pieces at shops.

Inventory:

Hand Weapons
 a - the cursed +8 trident of Debt (weapon) {freeze, Str+4 Dex+5}
   (You found it on level 11 of the Dungeon)

   It has been specially enchanted to freeze those struck by it, causing extra
   injury to most foes and up to half again as much damage against particularly
   susceptible opponents.
   It can also slow down cold-blooded creatures.
   It affects your strength (+4).
   It affects your dexterity (+5).
   It has a curse placed upon it.
 P - a +4 demon trident of venom
 U - the cursed +5 hand crossbow of the Six Moons {vorpal, Stlth+}
   (You found it in a treasure trove)

   Any bolt fired from it inflicts extra damage.
   It makes you more stealthy.
   It has a curse placed upon it.
Missiles
 o - 151 poisoned darts (quivered)
Armour
 b - a cursed +2 buckler of fire resistance (worn)
 x - a +2 leather armour of fire resistance
 G - a cursed +2 cloak (worn)
 I - a +4 troll leather armour (worn)
 K - a +2 robe of cold resistance
 O - a cursed +2 pair of gloves of strength (worn)
 Q - a cursed +2 pair of boots of stealth (worn)
Jewellery
 f - a ring of protection from fire (left hand)
 z - a cursed amulet of reflection (around neck)
 H - the cursed ring of Iqimaos (right hand) {rPois rN+ Will+ Int+3}
   (You bought it in a shop on level 2 of the Orcish Mines)

   [ring of positive energy]

   It affects your intelligence (+3).
   It protects you from poison.
   It protects you from negative energy.
   It affects your willpower, your defense against some magical effects.
   It has a curse placed upon it.
 S - an uncursed ring of willpower
Wands
 j - a wand of flame (35)
 D - a wand of acid (16)
 E - a wand of polymorph (23)
 F - a wand of iceblast (18)
 J - a wand of paralysis (24)
 M - a wand of digging (6)
 Y - a wand of enslavement (1)
Scrolls
 c - 10 scrolls of teleportation
 i - 9 scrolls of amnesia
 l - 2 scrolls of fear
 n - 6 scrolls of magic mapping
 r - 14 scrolls of identify
 t - 8 scrolls of remove curse
 u - 5 scrolls of blinking
 w - a scroll of summoning
 y - 6 scrolls of fog
 T - a scroll of holy word
Potions
 d - 4 potions of haste
 e - 9 potions of might
 g - 2 potions of mutation
 k - 2 potions of cancellation
 m - 3 potions of invisibility
 p - 6 potions of lignification
 q - 6 potions of flight
 s - 4 potions of brilliance
 A - 12 potions of curing
 B - 9 potions of heal wounds
 C - a potion of ambrosia
 L - 3 potions of magic
 N - 2 potions of resistance
 R - a potion of berserk rage
Miscellaneous
 h - a box of beasts
 v - a condenser vane


   Skills:
 + Level 12.7 Fighting
 + Level 12.7 Short Blades
 + Level 12.7 Long Blades
 + Level 12.7 Axes
 + Level 14.4 Maces & Flails
 + Level 12.7(15.2) Polearms
 + Level 12.7 Staves
 + Level 12.7 Slings
 + Level 12.7 Bows
 + Level 12.7 Crossbows
 + Level 12.7 Throwing
 + Level 12.7 Armour
 + Level 13.3(14.9) Dodging
 + Level 13.2(14.8) Stealth
 + Level 12.7(14.3) Shields
 + Level 12.7 Unarmed Combat
 + Level 13.5 Spellcasting
 + Level 10.9(12.5) Conjurations
 + Level 10.9(12.5) Hexes
 + Level 10.9(12.5) Summonings
 + Level 10.9(12.5) Necromancy
 + Level 10.9(12.5) Translocations
 + Level 10.9(12.5) Transmutations
 + Level 10.9(12.5) Fire Magic
 + Level 12.7(14.3) Ice Magic
 + Level 10.9(12.5) Air Magic
 + Level 10.9(12.5) Earth Magic
 + Level 10.9(12.5) Poison Magic
 + Level 13.7 Invocations
 + Level 12.7(14.3) Evocations


You had 19 spell levels left.
You knew the following spells:

 Your Spells              Type           Power        Failure   Level
a - Ozocubu's Armour      Ice            77%          1%          3
b - Frozen Ramparts       Ice            100%         1%          3
c - Invisibility          Hex            72%          3%          6
d - Blink                 Tloc           N/A          1%          2
e - Call Imp              Summ           72%          1%          2
f - Iron Shot             Conj/Erth      36%          3%          6
h - Borgnjor's Vile Clut  Necr/Erth      36%          1%          5

Your spell library contained the following spells:

 Spells                   Type           Power        Failure   Level
 Freeze                   Ice            100%         0%          1
 Animate Skeleton         Necr           100%         1%          1
 Apportation              Tloc           100%         1%          1
 Corona                   Hex            80%          1%          1
 Magic Dart               Conj           100%         1%          1
 Summon Small Mammal      Summ           100%         1%          1
 Ensorcelled Hibernation  Hex/Ice        100%         1%          2
 Slow                     Hex            72%          1%          2
 Conjure Flame            Conj/Fire      72%          1%          3
 Lesser Beckoning         Tloc           36%          1%          3
 Mephitic Cloud           Conj/Pois/Air  72%          1%          3
 Static Discharge         Conj/Air       72%          1%          3
 Tukima's Dance           Hex            72%          1%          3
 Hailstorm                Conj/Ice       74%          1%          4
 Summon Ice Beast         Ice/Summ       74%          1%          4
 Alistair's Intoxication  Tmut/Pois      48%          1%          5
 Bolt of Magma            Conj/Fire/Erth 36%          1%          5
 Iskenderun's Battlesphe  Conj           72%          1%          5
 Lightning Bolt           Conj/Air       36%          1%          5
 Silence                  Hex/Air        36%          1%          5
 Shadow Creatures         Summ           N/A          3%          6
 Orb of Destruction       Conj           36%          16%         7
 Spellforged Servitor     Conj/Summ      36%          16%         7
 Ignition                 Fire           36%          77%         8
 Shatter                  Erth           36%          100%        9
 Tornado                  Air            36%          100%        9


Dungeon Overview and Level Annotations

Branches:
Dungeon (15/15)            Temple (0/1) D:6            Lair (6/6) D:10
 Shoals (4/4) Lair:2        Snake (4/4) Lair:2        Slime (0/5) Lair:5
    Orc (2/2) D:12            Elf (0/3) Orc:2        Vaults (0/5) D:14
 Depths (0/5) D:15         Bailey (visited)         Volcano (visited)

Altars:
Ashenzari
Elyvilon
Hepliaklqana
Nemelex Xobeh
Okawaru
Trog
Xom
The Shining One
Jiyva

Shops:
D:8 :   D:14 *   Orc:2 ==*?   Snake:2 ?

Annotations:
D:8 exclusion: downstairs
Lair:3 exclusion: oklob plant


Innate Abilities, Weirdness & Mutations

Your experience applies equally to all skills.
You have very sharp teeth.
Your uncanny sense of smell can sniff out nearby items.


Message History

The wave splashes down.
Splash!
You fall into the shallow water.
Moving in this stuff is going to be slow.
You hear a shout!
You block the merfolk impaler's attack.
The merfolk javelineer throws a javelin.
The javelin pierces through you but does no damage.
You hear a splash.
The merfolk aquamancer hits you with a +0 rapier!
You see here a javelin.
The merfolk barely misses you.
You block the merfolk aquamancer's attack.
You block the merfolk impaler's attack.
The merfolk hits you from afar with a +0 trident.
The merfolk impaler hits you from afar with a +1 trident of freezing.
The merfolk impaler freezes you. The merfolk closely misses you.
The merfolk aquamancer casts a spell at you.
The shard of ice hits you!!!
You die...

≈≈≈≈≈≈≈≈≈≈≈≈≈≈≈≈≈≈≈≈≈≈≈≈≈≈≈≈
≈≈≈≈≈≈≈≈≈≈≈.....≈≈≈≈≈≈≈≈≈≈≈≈
≈≈≈≈≈≈≈≈≈≈≈.....≈≈≈≈≈≈≈≈≈≈≈≈≈≈≈≈≈
≈≈≈≈≈≈≈≈≈≈≈≈.....≈≈≈≈≈≈≈≈≈≈≈≈≈≈≈≈
≈≈≈≈≈≈≈≈≈≈≈≈≈≈........≈≈≈≈≈≈≈≈≈≈≈
...≈≈≈≈≈≈.............≈≈≈≈≈≈≈≈≈≈≈
...≈≈≈≈≈≈.......<......≈≈≈≈≈≈≈≈≈≈
#...≈≈≈....≈............≈≈≈≈≈≈≈≈≈
≈÷.............m@.≈.....≈≈≈≈≈≈≈≈≈
......####.....≈≈.≈.....≈≈≈≈≈≈≈≈≈
.##..#####....mtm.≈..##.##≈≈≈≈≈≈≈
########......≈≈≈...#######≈≈≈≈≈≈
# ##..≈≈.....<≈≈.≈##≈#≈#≈###≈≈≈≈
# #....≈.....≈≈≈.≈#≈≈≈≈≈≈≈##≈≈≈≈
.###.≈..≈≈...)..m.≈##≈#≈#≈≈#≈≈≈≈≈
.....≈..≈≈........##≈≈≈≈≈≈≈##≈≈≈≈
≈≈≈≈≈≈..≈≈≈.......###≈#≈#≈###≈≈≈≈


You could see an alligator snapping turtle, a merfolk impaler, a merfolk
javelineer, a merfolk aquamancer and a merfolk.

Vanquished Creatures
  Rupert (Orc:2)
  Jorgrun (Orc:2)
  Kirke (Lair:6)
  9 nagarajas
  2 entropy weavers (Lair:5)
  Snorg (Orc:1)
  An ettin (D:15)
  5 merfolk impalers
  An ogre mage (D:15)
  The ghost of Darold the Transmogrifier, a journeyman DrTm of Qazlal (Lair:1)
  Josephine (Lair:4)
  10 naga warriors
  A vault guard (D:14)
  2 alligator snapping turtles
  Harold (Orc:1)
  3 boulder beetles
  10 hydras
  Fannar (Lair:1)
  A rakshasa (D:14)
  7 anacondas
  3 centaur warriors
  A merfolk avatar (Shoals:4)
  A tengu warrior (D:14)
  6 two-headed ogres
  Erica (Orc:1)
  A queen ant (Lair:5)
  A satyr (Shoals:2)
  2 merfolk aquamancers (Shoals:4)
  8 death yaks
  11 naga sharpshooters
  4 shock serpents
  3 orc high priests (Orc:2)
  Nergalle (D:11)
  2 unseen horrors
  A fire crab (Lair:6)
  A deep troll (D:14)
  13 sea snakes
  A wolf spider zombie (D:15)
  2 lindwurms (Volcano)
  The ghost of Darold the Quickloader, a novice KoHu of Ashenzari (D:6)
  13 harpies
  15 ugly things
  3 naga ritualists
  7 orc knights
  5 deep elf magi
  5 cyclopes
  9 mana vipers
  5 orc sorcerers
  14 slime creatures
  2 moths of wrath (Lair:1)
  16 manticores
  20 fauns
  7 salamanders
  2 toenail golems (Volcano)
  A centaur zombie (D:15)
  3 merfolk sirens
  11 elephants
  3 water nymphs
  33 black mambas
  12 naga magi
  3 molten gargoyles (Volcano)
  A torpor snail (Lair:1)
  30 cane toads
  12 komodo dragons
  4 efreet
  2 kobold demonologists (Bailey)
  2 redback zombies
  2 polar bears (Lair:6)
  2 tengu conjurers
  11 merfolk
  8 trolls
  A wolf spider simulacrum (D:15)
  5 tyrant leeches (Lair:6)
  13 blink frogs (Lair:6)
  5 wind drakes
  5 snapping turtles
  5 dream sheep
  5 spriggans (Lair:1)
  2 centaur simulacra
  A hornet (Lair:1)
  4 water elementals
  46 yaks
  Eustachio (D:5)
  3 wyverns
  10 wraiths
  2 basilisks
  4 hogs (Lair:6)
  10 vampire mosquitoes
  5 fire elementals (Volcano)
  Menkaure (D:6)
  A warg (Orc:1)
  46 nagas
  An acid dragon (D:12)
  17 soldier ants
  23 water moccasins
  An ice beast (D:14)
  3 black bears
  A sky beast (D:9)
  33 orc warriors
  A phantom (D:7)
  A necrophage (D:6)
  A tengu (shapeshifter) (D:14)
  A hornet zombie (D:14)
  10 ogres
  2 eyes of draining
  7 wolves
  14 centaurs
  2 big kobolds (D:7)
  24 bullfrogs
  An earth elemental (Volcano)
  7 scorpions
  22 killer bees
  22 wights
  7 howler monkeys
  4 electric eels
  A bullfrog zombie (D:9)
  A quasit (D:9)
  3 hounds
  3 jellies
  8 centaur skeletons
  23 orc priests
  28 orc wizards
  4 bullfrog skeletons
  An iguana (D:12)
  Ijyb (D:3)
  5 hell rats (Lair:5)
  17 worker ants
  A hound skeleton (D:4)
  A worker ant zombie (D:10)
  A howler monkey skeleton (D:9)
  10 gnolls
  21 adders
  A shadow imp (D:6)
  3 white imps
  An ufetubus (D:10)
  2 adder skeletons
  2 worms
  2 dart slugs (D:2)
  3 leopard geckos
  64 orcs
  5 ball pythons
  4 giant cockroaches
  18 goblins
  10 hobgoblins
  13 jackals
  16 kobolds
  5 quokkas
  5 bats
  5 frilled lizards
  7 rats
  2 fire vortices (Volcano)
1064 creatures vanquished.

Vanquished Creatures (collateral kills)
  A blink frog (Lair:5)
  A basilisk (Lair:4)
  An ice beast (D:5)
3 creatures vanquished.

Vanquished Creatures (others)
  An ugly thing (D:15)
  50 fungi
  177 plants
228 creatures vanquished.

Grand Total: 1295 creatures vanquished

Notes
Turn   | Place    | Note
-------+----------+-------------------------------------------
     0 | D:1      | wilfster70 the Gnoll Ice Elementalist began the quest for
                  | the Orb.
     0 | D:1      | Reached XP level 1. HP: 13/13 MP: 6/6
    84 | D:1      | Found a broken altar of Ashenzari.
   144 | D:1      | Became a worshipper of Ashenzari the Shackled
   419 | D:1      | Reached XP level 2. HP: 19/19 MP: 7/7
  1172 | D:2      | Reached XP level 3. HP: 25/25 MP: 7/9
  1238 | D:2      | Reached skill level 5 in Spellcasting
  1345 | D:2      | Reached skill level 1 in Invocations
  1459 | D:2      | Learned a level 3 spell: Frozen Ramparts
  1463 | D:2      | Learned a level 3 spell: Ozocubu's Armour
  1640 | D:2      | Reached skill level 1 in Fighting
  1640 | D:2      | Reached skill level 1 in Short Blades
  1640 | D:2      | Reached skill level 1 in Long Blades
  1640 | D:2      | Reached skill level 1 in Axes
  1640 | D:2      | Reached skill level 1 in Maces & Flails
  1640 | D:2      | Reached skill level 1 in Polearms
  1640 | D:2      | Reached skill level 1 in Staves
  1640 | D:2      | Reached skill level 1 in Slings
  1640 | D:2      | Reached skill level 1 in Bows
  1640 | D:2      | Reached skill level 1 in Crossbows
  1640 | D:2      | Reached skill level 1 in Throwing
  1640 | D:2      | Reached skill level 1 in Armour
  1640 | D:2      | Reached skill level 1 in Shields
  1640 | D:2      | Reached skill level 1 in Unarmed Combat
  1640 | D:2      | Reached skill level 1 in Evocations
  1670 | D:2      | Reached XP level 4. HP: 31/32 MP: 7/11
  2118 | D:3      | Reached skill level 1 in Conjurations
  2118 | D:3      | Reached skill level 1 in Hexes
  2118 | D:3      | Reached skill level 1 in Summonings
  2118 | D:3      | Reached skill level 1 in Necromancy
  2118 | D:3      | Reached skill level 1 in Translocations
  2118 | D:3      | Reached skill level 1 in Transmutations
  2118 | D:3      | Reached skill level 1 in Fire Magic
  2118 | D:3      | Reached skill level 1 in Air Magic
  2118 | D:3      | Reached skill level 1 in Earth Magic
  2118 | D:3      | Reached skill level 1 in Poison Magic
  2187 | D:3      | Learned a level 2 spell: Blink
  2283 | D:3      | Reached XP level 5. HP: 25/37 MP: 8/12
  2464 | D:3      | Found a sparkling altar of Nemelex Xobeh.
  2864 | D:3      | Noticed Ijyb
  2874 | D:3      | Killed Ijyb
  3047 | D:4      | Found an iron altar of Okawaru.
  3064 | D:4      | Reached XP level 6. HP: 30/44 MP: 10/13
  3068 | D:4      | Reached skill level 5 in Dodging
  3081 | D:4      | Found a hazy altar of Hepliaklqana.
  3182 | D:4      | Reached skill level 2 in Maces & Flails
  3207 | D:4      | Reached XP level 7. HP: 43/50 MP: 11/15
  3720 | D:4      | Reached skill level 5 in Stealth
  4419 | D:5      | Entered Level 5 of the Dungeon
  4465 | D:4      | Learned a level 2 spell: Call Imp
  4506 | D:5      | Reached XP level 8. HP: 7/57 MP: 16/16
  4892 | D:5      | Reached skill level 3 in Maces & Flails
  4992 | D:5      | Reached * piety under Ashenzari
  5105 | D:5      | Noticed Eustachio
  5117 | D:5      | Killed Eustachio
  5361 | D:6      | Noticed a wraith
  5617 | D:6      | Got the falchion "Bisade" {vorpal, rElec Int+3}
  5618 | D:6      | Identified the +9 falchion "Bisade" {vorpal, rElec Int+3}
                  | (You found it on level 6 of the Dungeon)
  5753 | D:6      | Found a staircase to the Ecumenical Temple.
  5817 | D:6      | Found a transporter.
  5817 | D:6      | Noticed Darold's ghost (novice KoHu)
  5874 | D:6      | Found a transporter.
  6068 | D:6      | Noticed Menkaure
  6076 | D:6      | Killed Menkaure
  6219 | D:7      | Reached XP level 9. HP: 65/65 MP: 14/18
  6612 | D:7      | Reached skill level 4 in Maces & Flails
  6757 | D:7      | Reached ** piety under Ashenzari
  7556 | D:8      | Found Xopteit's Book Boutique.
  8174 | D:8      | Identified the +1 robe "Umacvyng" {Rampage rN+ Str+3}
  8546 | D:9      | Reached skill level 5 in Invocations
  8566 | D:9      | Reached XP level 10. HP: 54/73 MP: 14/20
  8781 | D:9      | Reached skill level 5 in Fighting
  8781 | D:9      | Reached skill level 5 in Short Blades
  8781 | D:9      | Reached skill level 5 in Long Blades
  8781 | D:9      | Reached skill level 5 in Axes
  8781 | D:9      | Reached skill level 5 in Maces & Flails
  8781 | D:9      | Reached skill level 5 in Polearms
  8781 | D:9      | Reached skill level 5 in Staves
  8781 | D:9      | Reached skill level 5 in Slings
  8781 | D:9      | Reached skill level 5 in Bows
  8781 | D:9      | Reached skill level 5 in Crossbows
  8781 | D:9      | Reached skill level 5 in Throwing
  8781 | D:9      | Reached skill level 5 in Armour
  8781 | D:9      | Reached skill level 5 in Shields
  8781 | D:9      | Reached skill level 5 in Unarmed Combat
  8781 | D:9      | Reached skill level 5 in Evocations
  8849 | D:9      | Noticed a two-headed ogre
  8999 | D:9      | Killed a two-headed ogre
  9367 | D:10     | Entered Level 10 of the Dungeon
  9834 | D:10     | Found a staircase to the Lair.
 10147 | D:10     | Noticed a two-headed ogre
 10165 | D:10     | Killed a two-headed ogre
 10166 | D:10     | Reached skill level 6 in Maces & Flails
 10166 | D:10     | Reached XP level 11. HP: 56/81 MP: 18/22
 10393 | D:10     | Killed an unseen horror
 10639 | D:10     | Reached skill level 5 in Conjurations
 10639 | D:10     | Reached skill level 5 in Hexes
 10639 | D:10     | Reached skill level 5 in Summonings
 10639 | D:10     | Reached skill level 5 in Necromancy
 10639 | D:10     | Reached skill level 5 in Translocations
 10639 | D:10     | Reached skill level 5 in Transmutations
 10639 | D:10     | Reached skill level 5 in Fire Magic
 10639 | D:10     | Reached skill level 5 in Air Magic
 10639 | D:10     | Reached skill level 5 in Earth Magic
 10639 | D:10     | Reached skill level 5 in Poison Magic
 11350 | D:11     | Noticed a red ugly thing
 11369 | D:11     | Killed a red ugly thing
 11717 | D:11     | Noticed Nergalle
 11727 | D:11     | Killed Nergalle
 11816 | D:11     | Noticed a two-headed ogre
 11826 | D:11     | Killed a two-headed ogre
 11827 | D:11     | Reached skill level 7 in Maces & Flails
 12011 | D:11     | Found a portal to a secret trove of treasure.
 12203 | D:11     | Identified the +8 trident of Debt {freeze, Str+4 Dex+5}
 12414 | Lair:1   | Entered Level 1 of the Lair of Beasts
 12426 | Lair:1   | Noticed a moth of wrath
 12427 | Lair:1   | Found a transporter.
 12430 | Lair:1   | Noticed Darold's ghost (journeyman DrTm)
 12431 | Lair:1   | Found a bloodstained altar of Trog.
 12444 | Lair:1   | Reached *** piety under Ashenzari
 12634 | Lair:1   | Identified the +3 trident of Duty {antimagic, +Fly rElec
                  | rF+}
 12634 | Lair:1   | Noticed a spriggan rider
 12650 | Lair:1   | Noticed a moth of wrath
 12658 | Lair:1   | Found a transporter.
 12829 | Lair:1   | Noticed Fannar
 12859 | Lair:1   | Killed Fannar
 13498 | Lair:2   | Found a staircase to the Shoals.
 13498 | Lair:2   | Noticed a death yak
 13510 | Lair:1   | Killed a death yak
 13661 | Lair:1   | Reached XP level 12. HP: 63/89 MP: 21/24
 13735 | Lair:2   | Reached skill level 8 in Maces & Flails
 13909 | Lair:2   | Found a staircase to the Snake Pit.
 14112 | Lair:2   | Noticed a six-headed hydra
 14123 | Lair:2   | Killed a six-headed hydra
 14826 | Lair:3   | Noticed a five-headed hydra
 14842 | Lair:3   | Killed a five-headed hydra
 14997 | Lair:3   | Reached **** piety under Ashenzari
 15541 | Lair:3   | Reached skill level 9 in Maces & Flails
 15724 | Lair:4   | Noticed Josephine
 15725 | Lair:4   | Noticed a boulder beetle
 15884 | Lair:4   | Killed Josephine
 15919 | Lair:3   | Killed a boulder beetle
 16210 | Lair:4   | Noticed a death yak
 16211 | Lair:4   | Noticed a death yak
 16211 | Lair:4   | Noticed a death yak
 16257 | Lair:4   | Reached XP level 13. HP: 92/98 MP: 23/26
 16459 | Lair:4   | Identified the ring "Heac" {*Tele rN+ Int-5 Dex+2}
 17004 | Lair:5   | Found a viscous altar of Jiyva.
 17005 | Lair:5   | Found a staircase to the Slime Pits.
 17020 | Lair:5   | Reached skill level 10 in Maces & Flails
 17297 | Lair:5   | Reached skill level 10 in Ice Magic
 17324 | Lair:5   | Reached ***** piety under Ashenzari
 18160 | Lair:5   | Reached skill level 10 in Spellcasting
 18331 | Lair:6   | Entered Level 6 of the Lair of Beasts
 18787 | Lair:6   | Reached XP level 14. HP: 93/106 MP: 22/28
 18801 | Lair:6   | Reached skill level 10 in Dodging
 18828 | Lair:6   | Reached skill level 11 in Maces & Flails
 19020 | Lair:6   | Reached skill level 10 in Stealth
 19120 | Lair:6   | Noticed Kirke
 19315 | Lair:6   | Noticed a sphinx
 19344 | Lair:6   | Killed Kirke
 19345 | Lair:6   | Reached skill level 10 in Invocations
 19790 | Lair:6   | Noticed an entropy weaver
 19953 | Lair:5   | Killed an entropy weaver
 20240 | Lair:6   | Noticed an entropy weaver
 20307 | Lair:5   | Killed an entropy weaver
 20824 | Lair:6   | Reached skill level 12 in Maces & Flails
 21056 | Lair:6   | Identified the cursed +1 spear "Fimytyn" {venom, rElec
                  | Int+3}
 21621 | D:12     | Reached XP level 15. HP: 72/115 MP: 25/29
 22681 | D:12     | Found a staircase to the Orcish Mines.
 22863 | Orc:1    | Entered Level 1 of the Orcish Mines
 22891 | Orc:1    | Noticed Harold
 22901 | Orc:1    | Killed Harold
 22904 | Orc:1    | Reached skill level 10 in Fighting
 22904 | Orc:1    | Reached skill level 10 in Short Blades
 22904 | Orc:1    | Reached skill level 10 in Long Blades
 22904 | Orc:1    | Reached skill level 10 in Axes
 22904 | Orc:1    | Reached skill level 10 in Polearms
 22904 | Orc:1    | Reached skill level 10 in Staves
 22904 | Orc:1    | Reached skill level 10 in Slings
 22904 | Orc:1    | Reached skill level 10 in Bows
 22904 | Orc:1    | Reached skill level 10 in Crossbows
 22904 | Orc:1    | Reached skill level 10 in Throwing
 22904 | Orc:1    | Reached skill level 10 in Armour
 22904 | Orc:1    | Reached skill level 10 in Shields
 22904 | Orc:1    | Reached skill level 10 in Unarmed Combat
 22904 | Orc:1    | Reached skill level 10 in Evocations
 23008 | Orc:1    | Noticed Snorg
 23026 | Orc:1    | Killed Snorg
 23407 | D:8      | Bought a book of Dreams for 975 gold pieces
 23413 | D:8      | Learned a level 5 spell: Borgnjor's Vile Clutch
 23575 | Orc:2    | Entered Level 2 of the Orcish Mines
 23575 | Orc:2    | Noticed Rupert
 23577 | Orc:2    | Found a shimmering altar of Xom.
 23584 | Orc:2    | Killed Rupert
 23670 | Orc:2    | Noticed Jorgrun
 23685 | Orc:2    | Killed Jorgrun
 23892 | Orc:1    | Noticed Erica
 23905 | Orc:1    | Killed Erica
 24207 | Orc:2    | Found a dark tunnel.
 24217 | Volcano  | Entered a volcano
 24932 | Orc:2    | Found a staircase to the Elven Halls.
 25090 | Orc:2    | Found Fomocave's Magic Scroll Shoppe.
 25266 | Orc:2    | Found Oguska's Jewellery Shoppe.
 25521 | Orc:2    | Found Tuawnopn's Assorted Antiques.
 25521 | Orc:2    | Found Vovvab's Jewellery Shop.
 25532 | Orc:2    | Bought the ring of Iqimaos {rPois rN+ Will+ Int+3} for 474
                  | gold pieces
 25548 | Orc:2    | Bought a leatherbound book for 405 gold pieces
 25550 | Orc:2    | Bought a scroll of silence for 97 gold pieces
 25573 | Orc:2    | Identified the cursed +1 robe "Jualuc" {rF+ Str+3 Stlth+}
 25854 | D:13     | Found a flagged portal.
 25863 | Bailey   | Entered a bailey
 25901 | Bailey   | Found an iron altar of Okawaru.
 26017 | Bailey   | Identified a scroll of acquirement
 26022 | Bailey   | Acquired a cursed +2 pair of gloves of strength
 26271 | Bailey   | Reached XP level 16. HP: 123/123 MP: 22/31
 27544 | D:14     | Reached ****** piety under Ashenzari
 27837 | D:14     | Found a white marble altar of Elyvilon.
 28104 | D:14     | Found Diuguot's General Store.
 28107 | D:14     | Bought a scroll of enchant armour for 82 gold pieces
 28107 | D:14     | Bought a potion of heal wounds for 55 gold pieces
 28398 | D:14     | Found a gate to the Vaults.
 28578 | D:14     | Found a glowing golden altar of the Shining One.
 28632 | D:15     | Entered Level 15 of the Dungeon
 29871 | D:15     | Reached skill level 13 in Maces & Flails
 30188 | D:15     | Found a staircase to the Depths.
 30952 | Snake:1  | Entered Level 1 of the Snake Pit
 31481 | D:8      | Bought a book of Party Tricks for 650 gold pieces
 31488 | D:8      | Learned a level 6 spell: Invisibility
 31781 | D:6      | Killed Darold's ghost
 32248 | Lair:1   | Killed Darold's ghost
 32701 | Snake:1  | Acquired a cursed +2 pair of boots of stealth
 33728 | Snake:1  | Reached XP level 17. HP: 131/131 MP: 25/33
 34611 | Snake:2  | Found Qyrexkua's Magic Scroll Shop.
 34620 | Snake:2  | Bought a scroll of holy word for 97 gold pieces
 34620 | Snake:2  | Bought a scroll of magic mapping for 45 gold pieces
 36522 | Trove    | Entered a treasure trove
 36533 | Trove    | Identified the cursed +5 hand crossbow of the Six Moons
                  | {vorpal, Stlth+}
 36559 | Trove    | Identified the amulet "Orchiu" {Faith Str+3 Int+3}
 36633 | D:11     | Reached XP level 18. HP: 139/139 MP: 34/34
 36634 | D:11     | Reached skill level 10 in Conjurations
 36634 | D:11     | Reached skill level 10 in Hexes
 36634 | D:11     | Reached skill level 10 in Summonings
 36634 | D:11     | Reached skill level 10 in Necromancy
 36634 | D:11     | Reached skill level 10 in Translocations
 36634 | D:11     | Reached skill level 10 in Transmutations
 36634 | D:11     | Reached skill level 10 in Fire Magic
 36634 | D:11     | Reached skill level 10 in Air Magic
 36634 | D:11     | Reached skill level 10 in Earth Magic
 36634 | D:11     | Reached skill level 10 in Poison Magic
 36634 | D:11     | Reached XP level 19. HP: 146/146 MP: 35/35
 37463 | Snake:4  | Entered Level 4 of the Snake Pit
 39745 | Snake:4  | Reached skill level 14 in Maces & Flails
 40032 | Snake:4  | Got a serpentine rune of Zot
 40212 | Shoals:1 | Entered Level 1 of the Shoals
 40221 | Shoals:1 | Reached XP level 20. HP: 152/153 MP: 31/37
 41327 | Shoals:2 | Learned a level 6 spell: Iron Shot
 43394 | Shoals:4 | Entered Level 4 of the Shoals
 44103 | Shoals:4 | Killed from afar by a merfolk aquamancer

Illustrated notes

Levels and vault maps discovered:
D:1:      giann_forest_graveyard, layout_rooms, serial_curves, eino_curves_03,
          eino_curves_03, hangedman_abyss_or_decor_stabs,
          nicolae_ashenzari_panopticon
D:2:      layout_rooms
D:3:      layout_basic, chequers_decorated_corner, nemelex_spade_bored_becter,
          uniq_ijyb
D:4:      layout_loops_ring, nicolae_overflow_hidden_temple, okawaru_gym_becter
D:5:      layout_rooms, uniq_eustachio
D:6:      layout_loops_ring, minmay_temple_entry_sparse_star,
          gammafunk_ghost_mausoleum, uniq_menkaure
D:7:      layout_basic
D:8:      layout_loops_corners, serial_shops,
          nicolae_shop_temple_entry_statues_fountains
D:9:      layout_basic, serial_curves, eino_curves_02, eino_curves_01
D:10:     layout_irregular_city, grunt_lair_entry_orc_guard_hut
D:11:     layout_stronghold, nicolae_trove_entry_diagonal,
          lemuel_flamethrower_hall, uniq_nergalle
D:12:     layout_rooms, david_orc_4
D:13:     layout_gridville, enter_bailey_5, grunt_ministairs_2
D:14:     layout_long_grid, david_vaults_5, serial_shops, kennysheep_mini,
          tso_altar, elyvilon_altar_4
D:15:     hangedman_depths_entry_civil_slaughter, layout_stronghold
Lair:1:   layout_cave_pods, gammafunk_ghost_wrathful_warriors,
          grunt_megastairs_5, uniq_fannar
Lair:2:   layout_roguey, shoals_dummy_entry, minmay_snake_entry_six_corridors,
          beast_lair_carwin_11, lemuel_fruit_tree
Lair:3:   layout_gridlike, grunt_megastairs_1, minmay_lair_oklob_chamber
Lair:4:   layout_long_grid, uniq_josephine
Lair:5:   layout_long_grid, slime_altar_1, serial_bayou_shore_a,
          grunt_megastairs_4
Lair:6:   minmay_lair_end_frog_pond, layout_gridlike, zaba_antful_of_joy,
          uniq_kirke
Shoals:1: argonaut_golden_fleece, layout_shoals
Shoals:2: layout_shoals, st_sunken_temple
Shoals:3: layout_shoals
Shoals:4: shoals_end_grunt_ice, layout_shoals
Snake:1:  layout_basic
Snake:2:  layout_layer_cave, serial_shops, shop
Snake:3:  layout_chambers
Snake:4:  minmay_snake_end_coiled, layout_layer_cave
Orc:1:    layout_caves, uniq_harold, uniq_snorg, uniq_erica
Orc:2:    st_orc_elflike, layout_caves, basic_altar,
          lightli_volcano_entry_magma_tube, uniq_rupert, uniq_jorgrun

Skill      XL: |  1  2  3  4  5  6  7  8  9 10 11 12 13 14 15 16 17 18 19 20 |
---------------+-------------------------------------------------------------+-----
Spellcasting   | 5 6 7 8 9 10 11 12 13 | 13.5
Invocations    | 1 2 3 4 5 6 7 8 9 10 11 12 13 | 13.7
Fighting       | 1 2 3 4 5 6 7 8 9 10 11 12 | 12.7
Short Blades   | 1 2 3 4 5 6 7 8 9 10 11 12 | 12.7
Long Blades    | 1 2 3 4 5 6 7 8 9 10 11 12 | 12.7
Axes           | 1 2 3 4 5 6 7 8 9 10 11 12 | 12.7
Maces & Flails | 1 2 3 4 6 7 9 10 12 13 14 | 14.4
Polearms       | 1 2 3 4 5 6 7 8 9 10 11 12 | 12.7
Staves         | 1 2 3 4 5 6 7 8 9 10 11 12 | 12.7
Slings         | 1 2 3 4 5 6 7 8 9 10 11 12 | 12.7
Bows           | 1 2 3 4 5 6 7 8 9 10 11 12 | 12.7
Crossbows      | 1 2 3 4 5 6 7 8 9 10 11 12 | 12.7
Throwing       | 1 2 3 4 5 6 7 8 9 10 11 12 | 12.7
Armour         | 1 2 3 4 5 6 7 8 9 10 11 12 | 12.7
Shields        | 1 2 3 4 5 6 7 8 9 10 11 12 | 12.7
Unarmed Combat | 1 2 3 4 5 6 7 8 9 10 11 12 | 12.7
Evocations     | 1 2 3 4 5 6 7 8 9 10 11 12 | 12.7
Conjurations   | 1 2 3 4 5 6 7 8 9 10 | 10.9
Hexes          | 1 2 3 4 5 6 7 8 9 10 | 10.9
Summonings     | 1 2 3 4 5 6 7 8 9 10 | 10.9
Necromancy     | 1 2 3 4 5 6 7 8 9 10 | 10.9
Translocations | 1 2 3 4 5 6 7 8 9 10 | 10.9
Transmutations | 1 2 3 4 5 6 7 8 9 10 | 10.9
Fire Magic     | 1 2 3 4 5 6 7 8 9 10 | 10.9
Air Magic      | 1 2 3 4 5 6 7 8 9 10 | 10.9
Earth Magic    | 1 2 3 4 5 6 7 8 9 10 | 10.9
Poison Magic   | 1 2 3 4 5 6 7 8 9 10 | 10.9
Dodging        | 5 6 7 8 9 10 11 12 13 | 13.3
Stealth        | 5 6 7 8 9 10 11 12 13 | 13.2
Ice Magic      | 8 9 10 11 12 | 12.7

Action                   |  1- 3 |  4- 6 |  7- 9 | 10-12 | 13-15 | 16-18 | 19-21 || total
-------------------------+-------+-------+-------+-------+-------+-------+-------++-------
Melee: Short sword       |    57 |    46 |       |       |       |       |       ||   103
       Bite              |     1 |     9 |    18 |    50 |   173 |    80 |    61 ||   392
       Spear             |       |    12 |   131 |       |       |       |       ||   143
       Punch             |       |     1 |     2 |     6 |       |       |       ||     9
       Falchion          |       |       |   100 |   158 |       |       |       ||   258
       Trident           |       |       |       |   197 |  1049 |   594 |   554 ||  2394
       Unarmed           |       |       |       |       |     7 |       |       ||     7
Throw: Dart              |       |     3 |     5 |     6 |     8 |     3 |       ||    25
 Cast: Freeze            |    12 |       |       |       |       |       |       ||    12
       Frozen Ramparts   |     3 |    13 |    33 |    70 |   126 |    29 |       ||   274
       Ozocubu's Armour  |       |     4 |     7 |    15 |    38 |       |       ||    64
       Call Imp          |       |       |     7 |    10 |    11 |       |     1 ||    29
       Borgnjor's Vile C |       |       |       |       |    20 |    75 |   163 ||   258
       Iron Shot         |       |       |       |       |       |       |     8 ||     8
Invok: Curse Item        |       |       |       |     3 |     4 |       |     2 ||     9
       Scrying           |       |       |       |       |       |       |     4 ||     4
Evoke: Wand              |       |       |       |     6 |     1 |     3 |       ||    10
  Use: Scroll            |       |       |     6 |    16 |    11 |     9 |     5 ||    47
       Potion            |       |       |       |     1 |     3 |     2 |       ||     6
 Stab: Sleeping          |     6 |     2 |    15 |     9 |     3 |    15 |     1 ||    51
       Distracted        |       |       |     1 |       |     3 |     1 |       ||     5
       Held in net/web   |       |       |       |       |       |       |     1 ||     1
Armor: Leather armour    |    14 |    14 |    40 |    22 |     2 |       |       ||    92
       Troll leather arm |       |       |       |    43 |    63 |    18 |    49 ||   173
       Robe              |       |       |       |       |       |    19 |     9 ||    28
Dodge: Dodged            |    66 |    50 |   151 |   226 |   477 |   254 |   319 ||  1543
Block: Other             |       |       |    22 |    20 |       |       |       ||    42
       Reflection        |       |       |     2 |       |    17 |    19 |   110 ||   148
       Buckler           |       |       |       |   143 |   531 |   263 |   363 ||  1300
       Rpst.: Falchion   |       |       |    18 |    31 |       |       |       ||    49
